Map: 2000 Atmospheres LE

Players

Solenya - Winner!

  • Race: Protoss Protoss
  • League: Diamond

TelecOmWHITE

  • Race: Zerg Zerg
  • League: Master

VOD

Have the link to the VOD?

Description

Fun game and some rage guy

Time

  • Played on: Sept. 17, 2021, 2:48 p.m.
  • Length: 8:39
Show
View Real Time Build Order
Export as new Build Order

Solenya Protoss - Winner!

Build Orders: 1 Gate Expand 

Get SALT Encoding   

  12  0:00  Probe  
  13  0:12  Probe  
  14  0:19  Pylon  
  14  0:24  Probe  
  15  0:37  Probe (Chrono Boost)  
  15  0:40  Gateway  
  16  0:46  Probe (Chrono Boost)  
  16  0:48  Assimilator  
  17  0:51  Probe (Chrono Boost)  
  18  1:03  Probe  
  19  1:15  Probe  
  20  1:28  Nexus, Probe  
  21  1:38  Cybernetics Core  
  21  1:40  Probe  
  22  1:47  Pylon  
  22  1:52  Probe  
  23  2:05  Probe  
  24  2:13  Sentry (Chrono Boost)  
  26  2:17  Probe  
  26  2:19  Warp Gate  
  27  2:29  Probe  
  28  2:37  Stalker  
  28  2:42  Gateway, Probe  
  31  2:44  Probe  
  32  2:54  Probe  
  32  2:56  Probe  
  32  2:57  Pylon  
  33  3:06  Probe  
  33  3:08  Probe  
  35  3:16  Robotics Facility  
  35  3:18  Probe  
  36  3:20  Probe  
  37  3:30  Probe  
  37  3:33  Probe  
  39  3:40  Gateway  
  39  3:42  Gateway, Probe  
  39  3:43  Gateway  
  39  3:45  Gateway, Probe  
  41  3:54  Probe  
  42  3:57  Probe  
  43  4:04  Immortal (Chrono Boost)  
  47  4:18  Pylon  
  47  4:19  Pylon  
  47  4:23  Gateway x2  
  47  4:33  Warp Prism (Chrono Boost)  
  49  4:38  Pylon  
  49  4:39  Stalker  
  49  4:40  Stalker, Zealot x4  
  61  4:55  Pylon  
  61  5:01  Zealot x2  
  61  5:02  Zealot  
  61  5:06  Stalker x2, Zealot  
  73  5:15  Pylon  
  73  5:29  Stalker, Zealot  
  73  5:30  Zealot x3  
  73  5:31  Zealot  
  85  5:53  Stalker  
  85  5:54  Zealot x3  
  91  6:12  Pylon  
  87  6:18  Zealot x2  
  87  6:19  Zealot  
  85  6:27  Stalker x2  
  85  6:29  Zealot x3  
  81  6:39  Zealot  
  75  6:40  Zealot x2  
  75  6:50  Zealot x3  
  75  6:51  Zealot x2  
  85  6:59  Stalker  
  85  7:00  Zealot x2  
  87  7:18  Stalker x2, Zealot  
  87  7:19  Zealot x3  
  79  7:40  Stalker, Zealot x2  
  79  7:41  Zealot x5  
  79  8:00  Zealot x2  
  79  8:01  Stalker  
  79  8:02  Zealot x4  
  89  8:11  Stalker  
  89  8:18  Zealot  
  85  8:24  Zealot x2  
  85  8:25  Zealot x4  
Show
View Real Time Build Order
Export as new Build Order

TelecOmWHITE Zerg 

Build Orders: Hatch First 

Get SALT Encoding   

  12  0:01  Drone  
  13  0:12  Overlord  
  13  0:16  Drone  
  14  0:30  Drone  
  14  0:31  Drone  
  16  0:48  Hatchery  
  15  0:51  Drone  
  15  0:55  Drone  
  17  0:58  Drone  
  18  1:08  Extractor  
  17  1:15  Spawning Pool  
  17  1:18  Drone  
  17  1:21  Drone  
  18  1:29  Drone  
  19  1:41  Drone  
  20  1:50  Overlord  
  20  2:01  Drone  
  20  2:02  Queen x2  
  20  2:03  Drone  
  26  2:11  Metabolic Boost  
  26  2:15  Drone  
  27  2:16  Drone  
  27  2:22  Zergling x2  
  29  2:23  Zergling x2  
  30  2:35  Drone x2  
  32  2:43  Hatchery  
  31  2:49  Overlord  
  31  2:50  Drone  
  32  2:55  Overlord  
  32  2:56  Drone  
  33  3:05  Drone  
  34  3:06  Drone  
  35  3:13  Queen  
  35  3:15  Zergling x6  
  35  3:17  Zergling x2  
  35  3:19  Drone  
  42  3:21  Drone  
  43  3:30  Drone  
  43  3:32  Drone  
  45  3:39  Drone  
  45  3:41  Drone  
  47  3:42  Drone x3  
  50  3:49  Overlord x2  
  50  3:56  Queen  
  50  3:57  Drone  
  50  3:58  Drone x2  
  50  4:00  Lair  
  55  4:06  Drone, Extractor  
  54  4:12  Drone, Roach Warren  
  54  4:16  Zergling x2  
  55  4:22  Overlord x2  
  55  4:24  Drone  
  55  4:27  Drone x3  
  55  4:29  Overlord  
  59  4:47  Overlord x2  
  59  4:48  Drone x2  
  59  4:49  Drone  
  62  4:55  Roach  
  62  4:56  Roach x6  
  76  5:00  Roach x2  
  76  5:02  Overseer  
  76  5:04  Glial Reconstitution  
  80  5:09  Roach  
  80  5:10  Zergling x10  
  80  5:13  Drone  
  88  5:20  Roach x2  
  92  5:24  Overlord  
  92  5:26  Overseer  
  92  5:29  Overlord  
  92  5:30  Overlord x3  
  92  5:34  Drone  
  92  5:35  Extractor  
  92  5:48  Roach x4  
  92  5:49  Roach  
  99  5:53  Zergling x6  
  99  5:54  Zergling x2  
  102  5:59  Roach  
  102  6:00  Roach  
  102  6:02  Zergling x6, Roach  
  109  6:16  Roach x2  
  109  6:17  Roach  
  109  6:22  Roach  
  105  6:28  Roach x4  
  104  6:33  Zergling x6  
  104  6:34  Zergling x4  
  104  6:36  Roach  
  104  6:39  Zergling x2  
  100  6:43  Roach  
  102  6:49  Zergling x2  
  102  6:50  Zergling x2  
  104  7:00  Roach  
  104  7:01  Roach  
  106  7:09  Hatchery  
  106  7:10  Roach  
  106  7:13  Roach x6  
  106  7:14  Roach  
  118  7:25  Roach  
  113  7:35  Roach x2  
  113  7:36  Roach  
  113  7:43  Roach x3  
  113  7:44  Roach x3  
  109  7:50  Zergling x2  
  100  7:53  Roach  
  98  8:01  Zergling x2  
  98  8:03  Zergling x2  
  86  8:08  Roach  
  86  8:09  Roach  
  83  8:14  Drone, Roach x2  
Tags
 
Add a new tag
Caveats
  • Supply blocks, unpowered buildings, or Contaminate may cause inaccurate times.
  • Supply counts are checked every 10 seconds.